 Dungeon Crawl Stone Soup version 0.17.0-24-gcfadda4 (webtiles) character file.

225 inmateoo the Cudgeler (level 6, 0/62 HPs)
             Began as an Ogre Warper on Nov 17, 2015.
             Succumbed to a worker ant's poison
             ... on level 4 of the Dungeon.
             The game lasted 00:07:03 (4335 turns).

inmateoo the Cudgeler (Ogre Warper)                 Turns: 4335, Time: 00:07:04

Health: 0/62       AC:  4    Str: 19    XL:     6   Next: 1%
Magic:  10/10      EV: 10    Int: 12    God:
Gold:   65         SH:  0    Dex:  9    Spells: 4 memorised, 2 levels left

rFire  . . .     SeeInvis +     q - +0 morningstar
rCold  . . .     Clarity  .     b - +1 robe
rNeg   . . .     SustAt   .     (no shield)
rPois  .         Gourm    .     (helmet restricted)
rElec  .         Spirit   .     (no cloak)
rCorr  .         Warding  .     (gloves unavailable)
rMut   .         Stasis   .     (boots unavailable)
MR     .....                    (no amulet)
Stlth  +.........               (no ring)
                                o - ring of see invisible

@: lethally poisoned (0 -> -22), very slightly contaminated, hasted, very quick,
not resistant to hostile enchantments, very unstealthy
A: unfitting armour, tough skin 1
a: no special abilities


You were on level 4 of the Dungeon.
You were hungry.

You visited 1 branch of the dungeon, and saw 4 of its levels.

You collected 65 gold pieces.

Inventory:

Hand Weapons
 q - a +0 morningstar (weapon)
Missiles
 e - 5 tomahawks of dispersal (quivered)
 i - 11 javelins
Armour
 b - a +1 robe (worn)
Jewellery
 o - a ring of see invisible (left hand)
Scrolls
 a - a scroll of magic mapping
 d - a scroll of teleportation
 h - 2 scrolls of amnesia
 j - 2 scrolls of identify
 l - 2 scrolls of remove curse
Books
 c - a book of Spatial Translocations

   Spells                             Type                      Level
   a - Apportation                    Translocation                1
   b - Blink                          Translocation                2
   c - Shroud of Golubria             Charms/Translocation         2
   d - Portal Projectile              Translocation                3
   e - Teleport Other                 Translocation                3
   f - Passage of Golubria            Translocation                4
 k - a book of Dreams

   Spells                             Type                      Level
   a - Ensorcelled Hibernation        Hexes/Ice                    2
   b - Phase Shift                    Translocation                5
   c - Shadow Creatures               Summoning                    5
   d - Silence                        Hexes/Air                    5
   e - Darkness                       Hexes                        6
   f - Mass Confusion                 Hexes                        6
Comestibles
 f - 2 bread rations
 m - 3 beef jerkies
 p - a meat ration


   Skills:
 + Level 3.8 Fighting
 * Level 5.5 Maces & Flails
 + Level 1.9 Throwing
 + Level 0.8 Armour
 + Level 2.7 Dodging
 + Level 3.2 Spellcasting
 + Level 0.3 Charms
 - Level 2.1 Translocations


You had 2 spell levels left.
You knew the following spells:

 Your Spells              Type           Power        Failure   Level  Hunger
a - Apportation           Tloc           #.........   12%         1    #......
b - Blink                 Tloc           N/A          17%         2    ###....
c - Shroud of Golubria    Chrm/Tloc      #.........   21%         2    ###....
d - Passage of Golubria   Tloc           N/A          93%         4    #####..


Dungeon Overview and Level Annotations

Branches:
Dungeon (4/15)
 Temple: D:4-7

Altars:

Annotations:
D:3 NekoKawashu's ghost, amateur TeCj


Innate Abilities, Weirdness & Mutations

You are too large for most types of armour.
You have tough skin (AC +1).


Message History

You kill the worker ant!
You have reached level 6!
Your experience leads to an increase in your attributes!
Increase (S)trength, (I)ntelligence, or (D)exterity?
You feel stronger. x2
* * * LOW HITPOINT WARNING * * *
You feel sick.
Read which item? (? for menu, Esc to quit)
Okay, then.
You aren't carrying any potions.
Read which item? (? for menu, Esc to quit)
Blink to where?
Press: ? - help, Dir - move target cursor
As you read the scroll of blinking, it crumbles to dust.
* * * LOW HITPOINT WARNING * * *
You feel sick.
Unknown command.
d - a scroll of teleportation You are feeling hungry.
You die...

##≈≈≈≈..≈≈≈≈###
##≈≈≈≈≈..≈≈≈≈≈##
##≈≈≈≈≈≈..≈≈≈≈≈≈#
#≈≈≈≈≈≈≈.§≈≈≈≈≈≈≈# #
≈≈≈≈≈≈≈≈..≈≈≈≈≈≈≈≈ ##
≈≈≈≈≈≈≈≈..≈≈≈≈≈≈≈≈ ###.
≈≈≈≈≈≈≈♣..♣≈≈≈≈≈≈≈###..#
.......)♣♣........'....#
.......@♣ ........'.#..#
≈≈≈≈≈≈≈♣..♣≈≈≈≈≈≈≈####..
≈≈≈≈≈≈≈ ..≈≈≈≈≈≈≈≈ #..
≈≈≈≈≈≈≈ ..≈≈≈≈≈≈≈≈ ##.
#≈≈≈≈≈≈ ..≈≈≈≈≈≈≈# ##.
##≈≈≈≈≈ ..≈≈≈≈≈≈# #..
...## ##≈≈≈≈ ..≈≈≈≈≈#
#.# .....####≈≈≈ ..≈≈≈≈#
### .......###


There were no monsters in sight!

Vanquished Creatures
  2 worker ants (D:4)
  6 gnolls
  3 adders
  An ooze (D:3)
  2 worms
  5 giant geckos
  5 orcs
  2 giant cockroaches
  2 goblins
  8 hobgoblins
  4 jackals (D:2)
  14 kobolds
  A ball python (D:4)
  11 bats
  2 giant newts
  2 rats
70 creatures vanquished.

Notes
Turn   | Place    | Note
--------------------------------------------------------------
     0 | D:1      | inmateoo the Ogre Warper began the quest for the Orb.
     0 | D:1      | Reached XP level 1. HP: 22/22 MP: 3/3
    96 | D:1      | Reached skill level 3 in Fighting
   122 | D:1      | Reached XP level 2. HP: 26/31 MP: 5/5
   705 | D:1      | Reached skill level 4 in Maces & Flails
   834 | D:1      | Reached XP level 3. HP: 37/37 MP: 6/6
   965 | D:2      | Learned a level 2 spell: Blink
   968 | D:2      | Learned a level 2 spell: Shroud of Golubria
  1408 | D:2      | Reached XP level 4. HP: 43/46 MP: 7/7
  1848 | D:2      | HP: 1/48 [gnoll/whip (4)]
  2058 | D:2      | Reached skill level 5 in Maces & Flails
  2058 | D:2      | Reached XP level 5. HP: 20/54 MP: 9/9
  2704 | D:3      | Noticed NekoKawashu's ghost (amateur TeCj)
  2997 | D:3      | Learned a level 4 spell: Passage of Golubria
  4333 | D:4      | Reached XP level 6. HP: 4/62 MP: 10/10
  4333 | D:4      | HP: 3/62 [poisoned by a worker ant]
  4335 | D:4      | Succumbed to a worker ant's poison

Action                   |  1- 3 |  4- 6 || total
-------------------------+-------+-------++-------
Melee: Mace              |   120 |   159 ||   279
       Morningstar       |       |    28 ||    28
 Cast: Blink             |       |     2 ||     2
  Use: Scroll            |     7 |     5 ||    12
       Potion            |       |     5 ||     5
 Stab: Sleeping          |     1 |       ||     1
  Eat: Chunk             |     2 |     3 ||     5
       Bread ration      |       |     1 ||     1
       Beef jerky        |       |     1 ||     1
